 Dungeon Crawl Stone Soup version 0.24-a0-201-gf205589 (webtiles) character file.

Game seed: 5203157656428774597

9655 Borgoz the Slicer (level 11, -4/106 (108) HPs)
             Began as a Halfling Fighter on Mar 24, 2019.
             Was an Initiate of Ashenzari.
             Slain by a spiny frog (6 damage)
             ... on level 1 of the Lair of Beasts.
             The game lasted 00:22:14 (11235 turns).

Borgoz the Slicer (Halfling Fighter)               Turns: 11235, Time: 00:22:15

HP:   -4/106 (108)  AC: 25    Str: 21    XL:     11   Next: 78%
MP:   11/11         EV:  3    Int:  9    God:    Ashenzari [......]
Gold: 498           SH: 12    Dex: 20    Spells: 10/10 levels left

rFire    . . .     SeeInvis .   y - +0 rapier (speed)
rCold    . . .     Gourm    .   c - +0 shield
rNeg     + + +     Faith    .   (armour currently unavailable)
rPois    +         Spirit   .   (helmet currently unavailable)
rElec    .         Reflect  .   (cloak currently unavailable)
rCorr    .         Harm     .   (gloves currently unavailable)
MR       .....     NoTele   +   (boots currently unavailable)
Stlth    +++.......             (no amulet)
HPRegen  0.27/turn              (no ring)
MPRegen  0.12/turn              G - +4 ring of strength

@: agile, tree-form
A: small, mutation resistance 1
a: Curse Item, Renounce Religion


You were on level 1 of the Lair of Beasts.
You worshipped Ashenzari.
Ashenzari was noncommittal.
You were not hungry.
You were a tree.
You visited 3 branches of the dungeon, and saw 12 of its levels.

You collected 498 gold pieces.

Inventory:

Hand Weapons
 a - a +0 rapier
 x - a +0 dagger of freezing
 y - a +0 rapier of speed (weapon)
Missiles
 d - 3 needles of confusion
 h - 4 tomahawks
 n - 41 poisoned needles
 C - a throwing net (quivered)
 J - 3 tomahawks of returning
Armour
 c - a +0 shield (worn)
 k - a +0 pair of boots (melded)
 m - a +0 pair of gloves (melded)
 s - a +1 troll leather armour (melded) {Snorg}
 z - a +0 helmet (melded)
 D - the +1 robe of Fallacy {rPois rN+ Int+4}
   (You found it on level 4 of the Dungeon)

   It affects your intelligence (+4).
   It protects you from poison.
   It protects you from negative energy.
 F - a +0 ring mail
 H - a +1 cloak (melded)
Jewellery
 u - an uncursed ring of ice
 E - an uncursed ring of resist corrosion
 G - a +4 ring of strength (right branch)
Wands
 j - a wand of enslavement (8)
Scrolls
 b - a scroll of blinking
 e - 3 scrolls of enchant armour
 i - 4 scrolls of remove curse
 l - 4 scrolls of enchant weapon
 p - 4 scrolls of teleportation
 q - a scroll of amnesia
 v - a scroll of magic mapping
 I - a scroll of identify
Potions
 o - a potion of magic
 r - a potion of cancellation
 w - 2 potions of mutation
 A - 2 potions of flight
 B - a potion of brilliance
Comestibles
 f - 14 rations
 t - 7 chunks of flesh


   Skills:
 + Level 6.1 Fighting
 * Level 10.3 Short Blades
 - Level 5.5 Throwing
 * Level 9.8 Armour
 * Level 9.1 Dodging
 + Level 1.3 Stealth
 + Level 7.2 Shields


You had 10 spell levels left.
You didn't know any spells.
Your spell library contained the following spells:

 Spells                   Type           Power        Failure   Level  Hunger
 Magic Dart               Conj           #...         82%         1    ##.....
 Searing Ray              Conj           #.....       91%         2    ###....
 Dazzling Spray           Conj/Hex       #.....       99%         3    ####...
 Force Lance              Conj/Tloc      #.......     100%        4    #####..
 Fulminant Prism          Conj/Hex       #.........   100%        4    #####..
 Iskenderun's Mystic Bla  Conj           #.......     100%        4    #####..


Dungeon Overview and Level Annotations

Branches:
Dungeon (10/15)            Temple (1/1) D:6            Lair (1/6) D:9
    Orc (0/2) D:9

Altars:
Ashenzari
Cheibriados
Dithmenos
Elyvilon
Fedhas
Gozag
Hepliaklqana
Kikubaaqudgha
Makhleb
Nemelex Xobeh
Okawaru
Qazlal
Ru
Sif Muna
Trog
Uskayaw
Vehumet
Wu Jian
Xom
Yredelemnul
Zin
The Shining One

Annotations:
D:5 1 runed translucent door, Arthanis's ghost, novice DEFE
D:10 Josephine


Innate Abilities, Weirdness & Mutations

You are small and have problems with some larger weapons.
You are somewhat resistant to further mutation.


Message History

The spiny frog is heavily wounded.
You block the spiny frog's attack.
You closely miss the spiny frog.
The spiny frog is heavily wounded.
You block the spiny frog's attack.
You hit the spiny frog but do no damage.
The spiny frog is heavily wounded.
You hit the spiny frog.
The spiny frog is heavily wounded.
The spiny frog stings you but does no damage.
You hit the spiny frog.
The spiny frog is severely wounded.
You puncture the spiny frog!
The spiny frog is almost dead.
The spiny frog stings you.
* * * LOW HITPOINT WARNING * * *
You hit the spiny frog but do no damage.
The spiny frog is almost dead.
The spiny frog stings you.
You die...

#..........#.........#
#....####..#........#.
^....####..##.####.##
#.............####.#
.. ....P...#.......# .
..####........... .
##.#.###... ...##.†###
. ≈≈≈....F♣.#
≈#≈......## #≈.......
#≈.####... #≈. ##.##
≈≈≈ ## ..


You could see a spiny frog.

Vanquished Creatures
  Snorg (D:9)
  Harold (D:10)
  A hydra (Lair:1)
  Nergalle (Lair:1)
  2 kobold demonologists (D:9)
  Grinder (D:6)
  3 hippogriffs
  2 wraiths (D:10)
  6 yaks
  3 hungry ghosts
  Edmund (D:5)
  A water moccasin (D:10)
  2 black bears (D:9)
  3 phantoms
  A hornet zombie (D:9)
  4 ogres
  A necrophage (D:7)
  4 centaurs
  2 crocodiles (Lair:1)
  3 big kobolds (D:10)
  4 bullfrogs
  A wyvern zombie (D:8)
  2 troll zombies (D:9)
  5 killer bees (D:7)
  A scorpion (D:4)
  4 wights (D:9)
  4 howler monkeys
  A bullfrog zombie (D:6)
  4 crimson imps
  A quasit (D:7)
  4 hounds
  A jelly (D:9)
  8 orc priests
  8 orc wizards
  A centaur skeleton (D:4)
  2 iguanas
  3 worker ants (D:4)
  Natasha (thrice) (D:4)
  6 ogre zombies (D:9)
  11 adders
  2 shadow imps
  An ooze (D:2)
  An adder skeleton (D:8)
  2 worms (D:5)
  4 dart slugs
  2 leopard geckos
  27 orcs
  6 giant cockroaches
  6 goblins
  10 hobgoblins
  8 jackals
  5 quokkas
  3 ball pythons
  9 bats
  7 frilled lizards
  3 goblin skeletons (D:9)
  2 goblin zombies (D:9)
  2 hobgoblin skeletons (D:9)
  2 hobgoblin zombies (D:9)
  10 kobolds
  A leopard gecko skeleton (D:5)
  7 orc skeletons (D:9)
  9 orc zombies (D:9)
  5 rats
251 creatures vanquished.

Vanquished Creatures (others)
  A big kobold (D:9)
  A fungus (Lair:1)
2 creatures vanquished.

Grand Total: 253 creatures vanquished

Notes
Turn   | Place    | Note
-------+----------+-------------------------------------------
     0 | D:1      | Borgoz the Halfling Fighter began the quest for the Orb.
     0 | D:1      | Reached XP level 1. HP: 15/15 MP: 1/1
    83 | D:1      | Reached XP level 2. HP: 16/20 MP: 2/2
   147 | D:1      | Reached skill level 1 in Dodging
   152 | D:1      | Reached XP level 3. HP: 22/25 MP: 3/3
   394 | D:1      | Reached skill level 3 in Short Blades
   685 | D:2      | Found an opulent altar of Gozag.
   744 | D:2      | Reached XP level 4. HP: 20/30 MP: 4/4
  1197 | D:2      | Reached skill level 1 in Throwing
  1527 | D:3      | Reached XP level 5. HP: 36/36 MP: 5/5
  1626 | D:3      | Found a radiant altar of Vehumet.
  1633 | D:3      | Found a sparkling altar of Nemelex Xobeh.
  1712 | D:3      | Found a glowing silver altar of Zin.
  1712 | D:3      | Found a hide-covered altar of Uskayaw.
  1712 | D:3      | Found a blossoming altar of Fedhas.
  2297 | D:3      | Found a bloodstained altar of Trog.
  2298 | D:3      | Found a basalt altar of Yredelemnul.
  2361 | D:4      | Noticed Natasha
  2368 | D:4      | Killed Natasha
  2442 | D:4      | Noticed Natasha
  2451 | D:4      | Killed Natasha
  2452 | D:4      | You fall through a shaft!
  2452 | D:5      | Entered Level 5 of the Dungeon
  2781 | D:4      | Found an opulent altar of Gozag.
  2795 | D:4      | Reached XP level 6. HP: 18/42 MP: 6/6
  2802 | D:4      | Reached skill level 4 in Short Blades
  3056 | D:4      | Got a heavily jewelled robe
  3092 | D:4      | Got a faintly glowing falchion
  3130 | D:4      | Reached XP level 7. HP: 35/46 MP: 7/7
  3233 | D:4      | Noticed Natasha
  3255 | D:4      | Killed Natasha
  3543 | D:4      | Identified the +1 robe of Fallacy {rPois rN+ Int+4} (You
                  | found it on level 4 of the Dungeon)
  3947 | D:5      | Found a runed translucent door.
  3947 | D:5      | Noticed Edmund
  3994 | D:5      | Killed Edmund
  3994 | D:5      | Reached skill level 5 in Armour
  4174 | D:5      | Found a stormy altar of Qazlal.
  4343 | D:5      | Found a shadowy altar of Dithmenos.
  4353 | D:5      | Reached skill level 5 in Short Blades
  4673 | D:5      | Noticed Arthanis's ghost (novice DEFE)
  4771 | D:6      | Found a staircase to the Ecumenical Temple.
  4788 | D:6      | Reached XP level 8. HP: 53/53 MP: 8/8
  4799 | Temple   | Entered the Ecumenical Temple
  5421 | D:6      | Noticed Grinder
  5433 | D:6      | Killed Grinder
  5453 | D:6      | Reached skill level 6 in Short Blades
  5897 | D:7      | Reached skill level 5 in Dodging
  5897 | D:7      | Reached skill level 5 in Shields
  6008 | D:7      | Reached XP level 9. HP: 58/58 MP: 9/9
  6729 | D:7      | Reached skill level 7 in Short Blades
  7614 | D:8      | Found a white marble altar of Elyvilon.
  8133 | D:8      | Reached XP level 10. HP: 64/64 MP: 10/10
  8272 | D:9      | Found a deep blue altar of Sif Muna.
  8389 | D:9      | Reached skill level 8 in Short Blades
  8433 | D:9      | Reached skill level 5 in Fighting
  8465 | D:9      | Found a staircase to the Orcish Mines.
  8739 | D:9      | Found a staircase to the Lair.
  8897 | D:9      | HP: 2/65 [ogre zombie (10)]
  9558 | D:9      | Reached skill level 9 in Short Blades
  9737 | D:9      | Found a shattered altar of Ashenzari.
  9745 | D:9      | Became a worshipper of Ashenzari the Shackled
 10098 | D:10     | Entered Level 10 of the Dungeon
 10098 | D:10     | Noticed Snorg
 10098 | D:10     | Noticed a kobold demonologist
 10098 | D:10     | Noticed a kobold demonologist
 10107 | D:9      | Noticed an ice devil
 10121 | D:9      | Killed a kobold demonologist
 10123 | D:9      | Killed a kobold demonologist
 10123 | D:9      | Reached skill level 5 in Throwing
 10123 | D:9      | Reached XP level 11. HP: 44/71 MP: 11/11
 10139 | D:9      | Killed Snorg
 10557 | D:10     | Noticed Harold
 10590 | D:10     | Killed Harold
 10719 | D:10     | Reached skill level 10 in Short Blades
 10839 | D:10     | Noticed Josephine
 10885 | Lair:1   | Entered Level 1 of the Lair of Beasts
 11002 | Lair:1   | Noticed Nergalle
 11027 | Lair:1   | Noticed a spectral orc warlord
 11041 | Lair:1   | Killed Nergalle
 11174 | Lair:1   | Noticed a four-headed hydra
 11218 | Lair:1   | HP: 4/106 [spiny frog (3)]
 11220 | Lair:1   | Killed a four-headed hydra
 11220 | Lair:1   | Reached skill level 1 in Stealth
 11234 | Lair:1   | HP: 1/106 [spiny frog (5)]
 11235 | Lair:1   | Slain by a spiny frog

Levels and vault maps discovered:
D:1:      dpeg_arrival_rhombi, layout_basic, minmay_misc_feat_cross
D:2:      layout_basic, nicolae_gozag_seed_capital
D:3:      layout_basic, gammafunk_temple_overflow_claw,
          nicolae_overflow_hidden_temple, amethyst_overflow_temple_binary
D:4:      layout_cave_pods, lemuel_crystal_altar, minmay_misc_feat_x,
          uniq_natasha
D:5:      layout_cave_pools, nicolae_overflow_crystal_walls,
          lemuel_coloured_pillars_altar, ebering_ghost_reflecting_pool,
          first_ration, uniq_edmund
D:6:      layout_loops_ring, minmay_temple_entry_ruins, uniq_grinder
D:7:      layout_loops_cross
D:8:      minmay_skewed_foursquare, layout_loops_ring, lemuel_doored_altar
D:9:      layout_long_grid, lemuel_crystal_altar, tgw_sif, lair_entry_dummy,
          zombieorc2_lemuel
D:10:     layout_basic, uniq_snorg, uniq_josephine, uniq_harold
Temple:   nicolae_temple_figure_zero
Lair:1:   lemuel_slime, layout_gridlike, serial_bayou_shore_b,
          serial_bayou_shore_b, serial_bayou_shore_a, uniq_nergalle

Skill      XL: |  1  2  3  4  5  6  7  8  9 10 11 |
---------------+----------------------------------+-----
Dodging        | 1 2 3 4 5 6 8 9 |  9.1
Short Blades   | 3 4 5 6 7 9 10 | 10.3
Fighting       | 3 4 5 6 |  6.1
Armour         | 4 5 6 7 8 9 |  9.8
Throwing       | 1 2 3 4 5 |  5.5
Shields        | 4 5 6 7 |  7.2
Stealth        | 1 |  1.3

Action                   |  1- 3 |  4- 6 |  7- 9 | 10-12 || total
-------------------------+-------+-------+-------+-------++-------
Melee: Rapier            |    90 |   201 |   614 |   706 ||  1611
Throw: Throwing net      |       |       |       |     4 ||     4
       Tomahawk          |       |       |       |     2 ||     2
  Use: Scroll            |       |       |    14 |     9 ||    23
       Potion            |       |       |     7 |     7 ||    14
 Stab: Sleeping          |       |       |     2 |       ||     2
       Invisible         |       |       |     6 |     6 ||    12
       Held in net/web   |       |       |       |     5 ||     5
  Eat: Chunk             |       |     7 |    17 |    13 ||    37
       Ration            |       |       |     1 |       ||     1
Armor: Scale mail        |    24 |    95 |    32 |       ||   151
       Skin              |       |       |    12 |    37 ||    49
       Robe              |       |       |    69 |    71 ||   140
       Troll leather arm |       |       |       |    29 ||    29
Dodge: Dodged            |    31 |    82 |   259 |   302 ||   674
Block: Shield            |    48 |   112 |   260 |   287 ||   707

Table legend:
 A = Non-vault XP
 B = Vault XP
 C = Vault XP percentage of total XP
 D = Non-vault monster count
 E = Vault monster count
 F = Vault count percentage of total count
                 A         B        C        D         E       F
            +---------+---------+-------+---------+---------+-------
      Total |    9260 |    4533 |  32.9 |     205 |      46 |  18.3
            +---------+---------+-------+---------+---------+-------
        D:1 |      49 |       0 |   0.0 |      27 |       0 |   0.0
        D:2 |      83 |       0 |   0.0 |      25 |       0 |   0.0
        D:3 |      26 |       0 |   0.0 |      14 |       0 |   0.0
        D:4 |     440 |      35 |   7.4 |      18 |       1 |   5.3
        D:5 |     133 |     171 |  56.2 |       6 |       1 |  14.3
        D:6 |     491 |     281 |  36.4 |      17 |       1 |   5.6
        D:7 |    1508 |      13 |   0.9 |      37 |       1 |   2.6
        D:8 |     699 |       0 |   0.0 |      15 |       0 |   0.0
        D:9 |    3310 |    1801 |  35.2 |      29 |      38 |  56.7
       D:10 |    1033 |    1436 |  58.2 |      11 |       3 |  21.4
     Temple |      42 |       0 |   0.0 |       2 |       0 |   0.0
     Lair:1 |    1446 |     796 |  35.5 |       4 |       1 |  20.0
            +---------+---------+-------+---------+---------+-------
